[Event "Titled Tuesday Blitz September 27 Late 2022"]
[White "Aguilar, Juan"]
[Black "O`Gorman, Tom"]
[WhiteFideId "3800091"]
[BlackFideId "2508249"]
[WhiteElo "2353"]
[BlackElo "2270"]
[Result "1-0"]
[Round "07"]
[TimeControl "180+1"]
[Date "2022.09.28"]
[WhiteClock "0:00:03"]
[BlackClock "0:00:12"]

1. d4 e5 2. dxe5 Nc6 3. Nf3 Qe7 4. Bf4 Qb4+ 5. Bd2 Qxb2 6. Nc3 Bb4 7. Rb1 Qxc3 8. Bxc3 Bxc3+ 9. Nd2 Nxe5 10. e3 d6 11. Be2 Nf6 12. O-O O-O 13. Nf3 Ba5 14. Nd4 Bb6 15. c4 Re8 16. Qc2 Ng6 17. Rfd1 Bd7 18. h3 Ne4 19. Bf3 Nc5 20. Nb3 Ne5 21. Nxc5 Nxf3+ 22. gxf3 Bxc5 23. Kh2 Bc6 24. e4 Re6 25. Rd5 Bb6 26. Rg1 Bxd5 27. cxd5 Rf6 28. Rg3 Re8 29. Qb2 Re5 30. Kg2 h5 31. h4 Rf4 32. Rg5 f6 33. Rxe5 fxe5 34. Kg3 Rf6 35. Qb5 Kh7 36. Qe8 Rg6+ 37. Kh2 Bxf2 38. Qc8 Bb6 39. Qxb7 Rf6 40. Kg2 Rf4 41. Qc8 Rf6 42. Qe8 Rg6+ 43. Kf1 Rg1+ 44. Ke2 Rg2+ 45. Kd3 Rg6 46. Qd7 a5 47. Qf5 Kh6 48. a4 Rf6 49. Qh3 Kh7 50. Qg3 Rg6 51. Qh3 Rg1 52. Qf5+ Kh6 53. Qe6+ Rg6 54. Qf5 Bf2 55. f4 Bxh4 56. fxe5 dxe5 57. Qxe5 Bg3 58. Qf5 h4 59. e5 Rg5 60. Qe6+ Kh5 61. d6 Rxe5 62. Qf7+ Kg4 63. d7 Kh3 64. d8=Q g5 65. Qfd7+ Kh2 66. Qf6 h3 67. Qxe5 Bxe5 68. Qf5 Bf4 69. Ke2 Kg3 70. Qd3+ Kg2 71. Qf3+ Kh2 72. Kf1 Bd6 73. Qf2+ Kh1 74. Qg1# 1-0


[Site "https://www.chess.com"]

[Event "Titled Tuesday Blitz September 27 Late 2022"]
[White "Babazada, Khazar"]
[Black "Bispo, Leonardo"]
[WhiteFideId "13413554"]
[BlackFideId "2107899"]
[WhiteElo "2409"]
[BlackElo "2253"]
[Result "1-0"]
[Round "07"]
[TimeControl "180+1"]
[Date "2022.09.27"]
[WhiteClock "0:01:06"]
[BlackClock "0:00:07"]

1. e4 e5 2. Nf3 Nf6 3. Nxe5 d6 4. Nf3 Nxe4 5. c3 d5 6. d3 Nf6 7. d4 Bd6 8. Bd3 h6 9. O-O O-O 10. Re1 c6 11. Ne5 Nbd7 12. Nd2 Re8 13. f4 Nf8 14. Bc2 Qc7 15. Ndf3 b6 16. f5 N8d7 17. Bf4 Nh5 18. Nxd7 Rxe1+ 19. Qxe1 Bxd7 20. Bxh6 gxh6 21. Qh4 Nf4 22. f6 Bf8 23. Qg3+ Kh8 24. Re1 Re8 25. Ne5 Rxe5 26. dxe5 Ne6 27. Qd3 Bc5+ 28. Kh1 Ng5 29. h4 Ne4 30. Rxe4 dxe4 31. Qxe4 Bf5 32. Qxf5 Kg8 33. Qh7+ Kf8 34. Qh8# 1-0


[Site "https://www.chess.com"]

[Event "Titled Tuesday Blitz September 27 Late 2022"]
[White "Badelka, Olga"]
[Black "Samarth, J Rao"]
[WhiteFideId "13509926"]
[BlackFideId "46652370"]
[WhiteElo "2165"]
[BlackElo "1514"]
[Result "1-0"]
[Round "07"]
[TimeControl "180+1"]
[Date "2022.09.28"]
[WhiteClock "0:00:11"]
[BlackClock "0:00:02"]

1. c4 e6 2. Nc3 d5 3. d4 c6 4. e3 Nf6 5. Nf3 Bd6 6. Qc2 O-O 7. b3 Nbd7 8. Bb2 Qe7 9. c5 Bb8 10. Be2 e5 11. b4 e4 12. Nd2 a6 13. O-O-O b5 14. Kb1 a5 15. a3 axb4 16. axb4 Bc7 17. Nb3 Nb8 18. Na2 Bg4 19. Bc3 Ra3 20. Kb2 Ra4 21. Ra1 Na6 22. Bxg4 Nxg4 23. Qd2 f5 24. h3 Nh6 25. g3 g5 26. h4 f4 27. hxg5 fxe3 28. Qxe3 Ng4 29. Qe1 Nxf2 30. Nac1 Nxh1 31. Qxh1 Rf2+ 32. Kb1 Rxa1+ 33. Kxa1 Qxg5 34. Qh3 Qf5 35. Qh4 Qf6 36. Qh5 Qf7 37. Qh3 Rf3 38. Be1 Qf5 39. Qh4 Rf1 40. Bd2 Qf7 41. Qh3 Rf5 42. Qh4 Rf6 43. Qg4+ Rg6 44. Qc8+ Kg7 45. Qxa6 Rxg3 46. Qxc6 Bf4 47. Bxf4 Qxf4 48. Qxd5 Rc3 49. Kb1 Rc4 50. Qd7+ Kg6 51. Qe6+ Kg7 52. c6 Rxb4 53. Qe7+ Kg6 54. Qxb4 e3 55. Qc3 Qe4+ 56. Qc2 Qxc2+ 57. Kxc2 e2 58. Nxe2 1-0


[Site "https://www.chess.com"]

[Event "Titled Tuesday Blitz September 27 Late 2022"]
[White "Barria Zuniga, Daniel"]
[Black "Peatman, Carter"]
[WhiteFideId "3400816"]
[BlackFideId "2096480"]
[WhiteElo "2414"]
[BlackElo "2477"]
[Result "1-0"]
[Round "07"]
[TimeControl "180+1"]
[Date "2022.09.28"]
[WhiteClock "0:00:39"]
[BlackClock "0:00:08"]

1. d4 Nf6 2. c4 Nc6 3. Nf3 e6 4. a3 Be7 5. Nc3 d5 6. Bf4 a6 7. e3 O-O 8. h3 dxc4 9. Bxc4 b5 10. Bd3 Bb7 11. O-O Bd6 12. Bg5 h6 13. Bxf6 Qxf6 14. Rc1 Qe7 15. Qc2 Rac8 16. Rfd1 Rfd8 17. Bh7+ Kf8 18. Be4 Na5 19. Bxb7 Nxb7 20. Qh7 Qf6 21. Ne4 Qg6 22. Qxg6 fxg6 23. Rc6 a5 24. Rdc1 a4 25. Nxd6 Nxd6 26. Rxc7 Nc4 27. Rxc8 Rxc8 28. Ne5 g5 29. Nxc4 bxc4 30. Kf1 Ke7 31. Ke2 Kd6 32. Kd2 e5 33. Kc3 Kd5 34. dxe5 Kxe5 35. Rd1 Rb8 36. Rd4 Rb3+ 37. Kc2 c3 38. Rb4 Rxb4 39. axb4 cxb2 40. Kxb2 h5 41. Ka3 Ke4 42. Kxa4 g4 43. hxg4 hxg4 44. b5 Kd3 45. b6 Ke2 46. b7 Kxf2 47. b8=Q Kxg2 48. Qf8 g3 49. Qxg7 Kf2 50. e4 g2 51. e5 g1=Q 52. Qxg1+ Ke2 53. Qa7 Kd3 54. e6 Kc3 55. Qc7+ Kb2 56. Qg3 Ka1 57. Qh2 1-0


[Site "https://www.chess.com"]

[Event "Titled Tuesday Blitz September 27 Late 2022"]
[White "Bartel, Mateusz"]
[Black "Besedes, Danilo"]
[WhiteFideId "1112635"]
[BlackFideId "946796"]
[WhiteElo "2526"]
[BlackElo "2352"]
[Result "1/2-1/2"]
[Round "07"]
[TimeControl "180+1"]
[Date "2022.09.27"]
[WhiteClock "0:00:07"]
[BlackClock "0:00:25"]

1. Nf3 Nf6 2. c4 e6 3. b3 d5 4. Bb2 c5 5. e3 Nc6 6. cxd5 Nxd5 7. Nc3 Nf6 8. Bb5 Bd7 9. O-O Be7 10. Rc1 O-O 11. Na4 b6 12. d4 Nxd4 13. Nxd4 cxd4 14. Bxd7 Qxd7 15. Qxd4 Qxd4 16. Bxd4 Rac8 17. f3 Nd7 18. Bb2 Nc5 19. Nxc5 Bxc5 20. Kf2 Rfd8 21. Ke2 Kf8 22. Rc2 Bd6 23. Rxc8 Rxc8 24. Kd3 g6 25. h3 h5 26. a4 Ke7 27. e4 a6 28. Bd4 Rc6 29. g4 hxg4 30. fxg4 Bc5 31. Bf6+ Ke8 32. h4 Be7 33. e5 Rc5 34. Kd4 Rd5+ 35. Ke4 b5 36. Rc1 Kd7 37. Rh1 Ke8 38. h5 gxh5 39. gxh5 Bxf6 40. exf6 Kf8 41. h6 Kg8 42. Rg1+ Kh7 43. Rg7+ Kxh6 44. Rxf7 Kg6 45. Ra7 bxa4 46. bxa4 Ra5 47. f7 Kg7 48. Kd4 Rxa4+ 49. Ke5 Ra1 50. Kxe6 Re1+ 51. Kd6 Rf1 52. Rxa6 Rf6+ 53. Ke7 Rxf7+ 54. Ke8 Rf2 55. Ra7+ Kg6 56. Ra6+ Kg7 57. Ra7+ Kg6 58. Ra6+ Rf6 59. Rxf6+ Kxf6 1/2-1/2


[Site "https://www.chess.com"]

[Event "Titled Tuesday Blitz September 27 Late 2022"]
[White "Baskakov, Egor"]
[Black "Oro, Faustino"]
[WhiteFideId "24197866"]
[BlackFideId "20000197"]
[WhiteElo "2211"]
[BlackElo "1838"]
[Result "1-0"]
[Round "07"]
[TimeControl "180+1"]
[Date "2022.09.28"]
[WhiteClock "0:00:16"]
[BlackClock "0:00:02"]

1. e4 c5 2. Nf3 d6 3. d4 cxd4 4. Nxd4 Nf6 5. Nc3 a6 6. a4 e5 7. Nde2 Be7 8. g3 Be6 9. Bg2 O-O 10. h3 Nbd7 11. O-O Rc8 12. g4 h6 13. Re1 Nc5 14. Ng3 Nh7 15. Nf5 Re8 16. Nd5 Bf8 17. Be3 Ng5 18. f3 g6 19. Ng3 Bg7 20. h4 Nh7 21. h5 Qh4 22. Bf2 Qd8 23. c4 Ng5 24. b4 Nd7 25. Rc1 Nf6 26. Qd3 Nd7 27. a5 Bf8 28. Red1 Rc6 29. b5 Nc5 30. Qa3 Rc8 31. Nb6 Rc7 32. Qb2 axb5 33. cxb5 Qf6 34. Qe2 Be7 35. Na4 Rec8 36. b6 Rc6 37. Bxc5 dxc5 38. Nc3 c4 39. Nd5 Bc5+ 40. Kh1 Bxd5 41. exd5 Rd6 42. Rxc4 Qd8 43. Qxe5 Ba3 44. Rxc8 Qxc8 45. hxg6 fxg6 46. Re1 Nf7 47. Qe2 Kg7 48. Ne4 Rxd5 49. Qe3 Bb2 50. Qb3 Bc3 51. Qxc3+ Qxc3 52. Nxc3 Rxa5 53. Rb1 Ra6 54. f4 Kf6 55. Bxb7 1-0


[Site "https://www.chess.com"]

[Event "Titled Tuesday Blitz September 27 Late 2022"]
[White "Bortnyk, Mykola"]
[Black "Martinez Alcantara, Jose Eduardo"]
[WhiteFideId "14120836"]
[BlackFideId "3805662"]
[WhiteElo "2582"]
[BlackElo "2703"]
[Result "1/2-1/2"]
[Round "07"]
[TimeControl "180+1"]
[Date "2022.09.27"]
[WhiteClock "0:02:11"]
[BlackClock "0:02:03"]

1. e4 e5 2. Nf3 Nf6 3. Nxe5 d6 4. Nf3 Nxe4 5. Bd3 d5 6. O-O Be7 7. Nc3 Nf6 8. Ne2 O-O 9. c3 c5 10. Bc2 Nc6 11. d4 Bg4 12. Ne5 cxd4 13. Nxg4 Nxg4 14. Nxd4 Nf6 15. Re1 Re8 16. Nf5 Bf8 17. Bg5 Rxe1+ 18. Qxe1 h6 19. Bh4 g6 20. Nd4 Nxd4 21. cxd4 Bg7 22. Qb4 Qb6 23. Qxb6 axb6 24. Bb3 g5 25. Bg3 Ne4 26. Bxd5 Nxg3 27. hxg3 Bxd4 28. Bxb7 Ra7 1/2-1/2


[Site "https://www.chess.com"]

[Event "Titled Tuesday Blitz September 27 Late 2022"]
[White "Bykov, Egor"]
[Black "Petrosyan, Manuel"]
[WhiteFideId "34115290"]
[BlackFideId "13300857"]
[WhiteElo "2192"]
[BlackElo "2592"]
[Result "1-0"]
[Round "07"]
[TimeControl "180+1"]
[Date "2022.09.27"]
[WhiteClock "0:00:11"]
[BlackClock "0:00:01"]

1. d4 Nf6 2. c4 e6 3. Nc3 Bb4 4. e3 O-O 5. Bd3 d5 6. Nf3 dxc4 7. Bxc4 c5 8. O-O Nc6 9. a3 Bxc3 10. bxc3 Qc7 11. Qe2 e5 12. h3 b6 13. Bb2 Bb7 14. Rfd1 Rad8 15. Ba2 h6 16. d5 Ne7 17. c4 Ng6 18. Rac1 Qe7 19. Nd2 Bc8 20. Bb1 Nh4 21. Nf3 Nxf3+ 22. Qxf3 Rfe8 23. a4 Bd7 24. Bc2 Qd6 25. Qg3 a5 26. Bc3 Re7 27. Rb1 Ne8 28. Rb3 Bxa4 29. Rb2 Bxc2 30. Rxc2 f6 31. Rb1 Ra8 32. Rcb2 Ra6 33. Qg4 Qc7 34. f4 exf4 35. exf4 Kh8 36. Re2 Nd6 37. Rbe1 Rxe2 38. Rxe2 Ra8 39. Re6 Rf8 40. Qe2 Qd7 41. g4 a4 42. Re7 Qd8 43. Qe6 Re8 44. Bxf6 gxf6 45. Qxf6+ 1-0


[Site "https://www.chess.com"]

[Event "Titled Tuesday Blitz September 27 Late 2022"]
[White "Daggupati, Balaji"]
[Black "Janaszak, Dawid"]
[WhiteFideId "2090759"]
[BlackFideId "1119206"]
[WhiteElo "2769"]
[BlackElo "2165"]
[Result "1-0"]
[Round "07"]
[TimeControl "180+1"]
[Date "2022.09.28"]
[WhiteClock "0:00:05"]
[BlackClock "0:00:03"]

1. e4 c5 2. Nf3 Nc6 3. Bb5 e6 4. O-O Nge7 5. d4 cxd4 6. Nxd4 Ng6 7. Be2 Be7 8. c4 O-O 9. Nc3 Nxd4 10. Qxd4 b6 11. Be3 Bb7 12. Rad1 Bc6 13. Qd2 Bb4 14. f3 Qf6 15. Bd4 Qf4 16. Be3 Qf6 17. Bd4 Qf4 18. Qd3 Bc5 19. Bxc5 bxc5 20. g3 Qf6 21. f4 Rab8 22. b3 Qd8 23. e5 Ne7 24. Bf3 Qa5 25. Bxc6 Nxc6 26. Na4 Rfd8 27. Qd6 Nb4 28. Qxc5 Qxc5+ 29. Nxc5 Nxa2 30. Ra1 Nc3 31. Rxa7 Rdc8 32. Ra5 g6 33. Rf2 Rc7 34. Rc2 Nd1 35. Na6 Ra7 36. Nxb8 Rxa5 37. Nxd7 Ra1 38. Rd2 Rb1 39. Kg2 Ne3+ 40. Kh3 h5 41. Rd3 Nf5 42. c5 Rc1 43. b4 g5 44. fxg5 Rc2 45. b5 h4 46. Kg4 h3 47. Kxh3 Kg7 48. b6 Kg6 49. b7 Rb2 50. b8=Q 1-0


[Site "https://www.chess.com"]

[Event "Titled Tuesday Blitz September 27 Late 2022"]
[White "Demidov, Mikhail"]
[Black "Gunduz, Umut Erdem"]
[WhiteFideId "4197143"]
[BlackFideId "6381383"]
[WhiteElo "2520"]
[BlackElo "2029"]
[Result "0-1"]
[Round "07"]
[TimeControl "180+1"]
[Date "2022.09.27"]
[WhiteClock "0:00:12"]
[BlackClock "0:00:34"]

1. Nf3 Nf6 2. g3 b5 3. Bg2 Bb7 4. O-O e6 5. d3 Be7 6. c4 a6 7. b3 O-O 8. Bb2 d6 9. Nbd2 Nbd7 10. Qc2 c5 11. e4 Rc8 12. a4 b4 13. Rae1 Ng4 14. h3 Nge5 15. Nh2 Bf6 16. f4 Nc6 17. e5 dxe5 18. fxe5 Ndxe5 19. Rxe5 Nd4 20. Bxd4 Qxd4+ 21. Rf2 Bxe5 22. Bxb7 Bxg3 23. Ne4 Bxh2+ 24. Kxh2 Rb8 25. Bxa6 f5 26. Ng3 f4 27. Ne4 f3 28. Qb2 Qxd3 29. Qe5 Rb6 30. Bb5 Rf5 31. Qc7 Qxe4 32. Qxb6 Qe5+ 33. Kh1 Qe1+ 34. Kh2 Qxf2+ 0-1


[Site "https://www.chess.com"]

[Event "Titled Tuesday Blitz September 27 Late 2022"]
[White "Domingo Nunez, Ruben"]
[Black "Makarian, Rudik"]
[WhiteFideId "22245570"]
[BlackFideId "44105681"]
[WhiteElo "2406"]
[BlackElo "2410"]
[Result "1-0"]
[Round "07"]
[TimeControl "180+1"]
[Date "2022.09.27"]
[WhiteClock "0:01:48"]
[BlackClock "0:02:32"]

1. Nf3 Nf6 2. b3 b5 3. d4 Bb7 4. Nbd2 e6 5. a4 b4 6. Nc4 Be7 7. g3 Bxf3 8. exf3 O-O 9. Bg2 d5 10. Ne5 c5 11. f4 Nfd7 12. O-O Bf6 13. Bb2 Bxe5 14. dxe5 Nc6 15. f5 Ndxe5 16. fxe6 fxe6 17. Qe2 Qd6 18. Rae1 Nf7 19. Qxe6 Rad8 20. Qg4 Nh6 21. Qxg7# 1-0


[Site "https://www.chess.com"]

[Event "Titled Tuesday Blitz September 27 Late 2022"]
[White "Dounis, Alexandros"]
[Black "Christiansen, Johan-Sebastian"]
[WhiteFideId "4213238"]
[BlackFideId "1512668"]
[WhiteElo "2204"]
[BlackElo "2513"]
[Result "1-0"]
[Round "07"]
[TimeControl "180+1"]
[Date "2022.09.28"]
[WhiteClock "0:00:08"]
[BlackClock "0:00:04"]

1. Nf3 b6 2. e4 Bb7 3. Nc3 e6 4. a3 c5 5. d4 cxd4 6. Nxd4 a6 7. Bc4 d6 8. O-O Nf6 9. Qe2 Nbd7 10. Ba2 Qc7 11. Bg5 h6 12. Bh4 Qc5 13. Rad1 Rc8 14. Kh1 Qh5 15. Qxh5 Nxh5 16. f4 Nxf4 17. Rxf4 g5 18. Rxf7 Kxf7 19. Bxe6+ Ke8 20. Bg3 Rc5 21. Nf5 Ne5 22. Bf2 Rc6 23. Bd4 b5 24. Bxe5 dxe5 25. Bd7+ Kf7 26. Bxc6 Bxc6 27. Rd8 h5 28. Rc8 Bd7 29. Rc7 Ke8 30. Nd5 Kd8 31. Ra7 Be6 32. Rxa6 Bf7 33. Rb6 h4 34. h3 g4 35. Rxb5 gxh3 36. gxh3 Bh5 37. Kh2 Bf3 38. Nf6 Kc7 39. Rxe5 Bd6 40. Nxd6 Kxd6 41. Rf5 Be2 42. Rf2 Bb5 43. Ng4 Rc8 44. e5+ Ke7 45. c3 Rd8 46. b3 Rd1 47. Ne3 Re1 48. Nf5+ Kd7 49. Nxh4 Bc6 50. Kg3 Re3+ 51. Nf3 Rxc3 52. Kf4 Rxb3 53. h4 Rxa3 54. h5 Ra4+ 55. Kg5 Ra5 56. Kf6 Ra6 57. e6+ Ke8 58. Ng5 Bd5 59. h6 Bxe6 60. Nxe6 Ra7 61. Kg6 Re7 62. Ng7+ Kd7 63. h7 Kc6 64. h8=Q Re3 65. Qc8+ Kd5 66. Rd2+ Ke4 67. Qg4+ Ke5 68. Qd4# 1-0


[Site "https://www.chess.com"]

[Event "Titled Tuesday Blitz September 27 Late 2022"]
[White "Estrada Nieto, Julian"]
[Black "Machidon, Cristi"]
[WhiteFideId "5101018"]
[BlackFideId "13904590"]
[WhiteElo "2252"]
[BlackElo "2312"]
[Result "0-1"]
[Round "07"]
[TimeControl "180+1"]
[Date "2022.09.28"]
[WhiteClock "0:00:01"]
[BlackClock "0:00:06"]

1. e4 c6 2. d4 d5 3. exd5 cxd5 4. c3 Nf6 5. Bf4 Nc6 6. Nf3 g6 7. Bd3 Bf5 8. O-O e6 9. Bxf5 gxf5 10. Bg5 Rg8 11. Qb3 Rb8 12. Nbd2 Be7 13. Bxf6 Bxf6 14. Rfe1 Kf8 15. Nf1 b5 16. Ng3 Qd6 17. Qc2 Qf4 18. Kh1 Rg6 19. Nh5 Qg4 20. Ng3 a5 21. Qd2 f4 22. h3 Rh6 23. Nh2 Qg5 24. Ne2 Rh4 25. Ng1 Rh5 26. Ngf3 Qf5 27. Qe2 Ke7 28. Ng1 Rg8 29. Qf3 Rhg5 30. Ne2 Rxg2 31. Nxf4 Kd6 32. Qxg2 Rxg2 33. Nxg2 Qg6 34. Rg1 Qf5 35. Raf1 Bg5 36. Ne3 Qe4+ 37. Rg2 Qf4 38. Neg4 Bf6 39. Ne3 Bg5 40. Rfg1 Be7 41. Nhg4 Qe4 42. Nh2 Qd3 43. Nhf1 Qe4 44. Ng4 b4 45. Nge3 Qf3 46. Ng3 h5 47. Ngf1 h4 48. Nd1 Kd7 49. Nde3 Bd6 50. cxb4 Qxh3+ 51. Nh2 Nxd4 52. Ng4 Nf3 53. Nf6+ Ke7 54. Ng4 Nxg1 55. Kxg1 Bxh2+ 56. Nxh2 Qd3 57. Nf3 Qxf3 58. Rg5 h3 0-1


[Site "https://www.chess.com"]

[Event "Titled Tuesday Blitz September 27 Late 2022"]
[White "Fawzy, Adham"]
[Black "Storey, Charles H"]
[WhiteFideId "10613129"]
[BlackFideId "406686"]
[WhiteElo "2541"]
[BlackElo "2188"]
[Result "1-0"]
[Round "07"]
[TimeControl "180+1"]
[Date "2022.09.27"]
[WhiteClock "0:01:28"]
[BlackClock "0:00:13"]

1. e4 g6 2. c4 Bg7 3. Nc3 c5 4. g3 Nc6 5. Bg2 d6 6. d3 e5 7. Nge2 Nge7 8. O-O h5 9. h3 Be6 10. Nd5 Qd7 11. Kh2 f5 12. Bg5 O-O-O 13. Qd2 Rdf8 14. b4 cxb4 15. a3 b3 16. Rab1 f4 17. gxf4 exf4 18. Bxf4 Bxd5 19. cxd5 Nd4 20. Nxd4 Bxd4 21. Be3 Bxe3 22. Qxe3 Kb8 23. Rxb3 Nc8 24. d4 g5 25. e5 g4 26. h4 Qe7 27. Qg3 Rf5 28. Rfb1 b6 29. Re1 Rhf8 30. Re2 Qc7 31. Rc3 Qg7 32. exd6 Qd7 33. Re7 Qa4 34. d7+ Ka8 35. dxc8=Q+ 1-0


[Site "https://www.chess.com"]

[Event "Titled Tuesday Blitz September 27 Late 2022"]
[White "Fernandez De La Vara, Arnaldo"]
[Black "Gines Esteo, Pedro Antonio"]
[WhiteFideId "3518388"]
[BlackFideId "32080190"]
[WhiteElo "2387"]
[BlackElo "2293"]
[Result "1-0"]
[Round "07"]
[TimeControl "180+1"]
[Date "2022.09.28"]
[WhiteClock "0:00:56"]
[BlackClock "0:00:07"]

1. Nf3 d6 2. d4 g6 3. b3 Bg7 4. Bb2 Nf6 5. g3 O-O 6. Bg2 a5 7. c4 a4 8. b4 Ne4 9. Qc2 Bf5 10. Nh4 Nxg3 11. e4 Nxh1 12. exf5 e5 13. Nf3 e4 14. Nfd2 e3 15. Bxh1 exd2+ 16. Nxd2 a3 17. Bc3 Nc6 18. Nb3 Re8+ 19. Kf1 Qh4 20. Qd3 Qxh2 21. Bg2 Ne7 22. fxg6 fxg6 23. Nd2 Rf8 24. Re1 Nf5 25. Nf3 Qf4 26. Re4 Qc1+ 27. Re1 Qh6 28. Bd2 Qh5 29. Ng5 Bxd4 30. Ne6 Be5 31. Bd5 c6 32. Nf4+ cxd5 33. Nxh5 gxh5 34. Qxd5+ Kh8 35. Rxe5 dxe5 36. Qxe5+ Kg8 37. Bc3 Rae8 38. Qh8+ Kf7 39. Qf6+ Kg8 40. Qg5+ Kf7 41. Qxf5+ 1-0


[Site "https://www.chess.com"]

[Event "Titled Tuesday Blitz September 27 Late 2022"]
[White "Gabrielian, Artur"]
[Black "Caruana, Fabiano"]
[WhiteFideId "4131002"]
[BlackFideId "2020009"]
[WhiteElo "2467"]
[BlackElo "2847"]
[Result "0-1"]
[Round "07"]
[TimeControl "180+1"]
[Date "2022.09.27"]
[WhiteClock "0:00:03"]
[BlackClock "0:00:41"]

1. e4 e5 2. Nf3 Nf6 3. Nxe5 Nc6 4. Nxc6 dxc6 5. Nc3 Bc5 6. Be2 h5 7. d3 Ng4 8. Bxg4 hxg4 9. Bf4 Be6 10. Qd2 Qe7 11. O-O-O O-O-O 12. Kb1 b6 13. Bg3 Kb7 14. Rhe1 a5 15. Ne2 a4 16. Nf4 Bc8 17. a3 Rhe8 18. c3 b5 19. d4 Bb6 20. Nd3 Be6 21. Qf4 g5 22. Qd2 f6 23. f3 gxf3 24. gxf3 Bb3 25. Rc1 Bf7 26. Nb4 Qe6 27. d5 cxd5 28. exd5 Qf5+ 29. Ka1 Rxe1 30. Rxe1 Bxd5 31. Rd1 c6 32. Qe2 Be6 33. Rxd8 Bxd8 34. Qd2 Qxf3 35. b3 Bb6 36. Kb2 axb3 37. Nd3 Qe3 38. Qd1 Bg4 39. Qxg4 Qxd3 40. Kxb3 Qb1# 0-1


[Site "https://www.chess.com"]

[Event "Titled Tuesday Blitz September 27 Late 2022"]
[White "Harvey, Marcus R"]
[Black "Popilski, Gil"]
[WhiteFideId "400092"]
[BlackFideId "2809060"]
[WhiteElo "2485"]
[BlackElo "2537"]
[Result "0-1"]
[Round "07"]
[TimeControl "180+1"]
[Date "2022.09.28"]
[WhiteClock "0:00:19"]
[BlackClock "0:00:19"]

1. c4 e5 2. Nc3 Bb4 3. Nd5 Be7 4. d4 d6 5. e4 Nf6 6. Nxe7 Qxe7 7. f3 c5 8. d5 Nh5 9. Bd3 Qh4+ 10. Kf1 Ng3+ 11. hxg3 Qxh1 12. g4 h5 13. g5 h4 14. Be3 h3 15. gxh3 Rxh3 16. Ke2 Rh2+ 17. Bf2 Qg2 18. Qf1 Qxg5 19. Ke1 Na6 20. a3 Bd7 21. Rb1 b6 22. Ne2 O-O-O 23. b4 Rdh8 24. Ng1 Ba4 25. b5 Nc7 26. Qe2 Rg2 27. Qe3 Qxe3+ 28. Bxe3 Rhh2 29. Be2 Ne8 30. Kf1 Nf6 31. Ke1 Nh5 32. Bf1 Ra2 33. Ne2 Bc2 34. Rc1 Rb2 35. Bg1 Rh1 36. Bg2 Rxg1+ 37. Nxg1 Nf4 38. Bf1 Bd3 39. Nh3 Ne2 40. Rd1 Bxc4 41. Rd2 Rb1+ 42. Kf2 Rxf1+ 43. Kxf1 Nf4+ 44. Kf2 Nxh3+ 45. Ke3 Bxb5 46. Rh2 Bd7 47. Rg2 g6 48. Rg3 Nf4 49. Rg1 Bh3 50. Kf2 Kb7 51. Rh1 Ka6 52. Kg3 Ka5 53. Rb1 Ka4 54. Rc1 Ne2+ 55. Kxh3 Nxc1 56. Kg4 Nd3 57. f4 Nxf4 58. Kg5 f5 59. Kf6 fxe4 60. Ke7 Nxd5+ 61. Kxd6 Nf4 62. Kc6 e3 63. Kb7 e2 64. Ka6 e1=Q 65. Kxa7 Qa5+ 66. Kb7 c4 67. Kc6 c3 68. Kd7 c2 69. Ke7 c1=Q 70. Kf7 Qc6 71. Kg7 Nh5+ 72. Kh6 Qd2+ 73. Kh7 Qdd7+ 74. Kh8 Qcc8# 0-1


[Site "https://www.chess.com"]

[Event "Titled Tuesday Blitz September 27 Late 2022"]
[White "Ibarra Jerez, Jose Carlos"]
[Black "Sargsyan, Anna M."]
[WhiteFideId "2226332"]
[BlackFideId "13308130"]
[WhiteElo "2627"]
[BlackElo "2271"]
[Result "1-0"]
[Round "07"]
[TimeControl "180+1"]
[Date "2022.09.27"]
[WhiteClock "0:00:17"]
[BlackClock "0:00:09"]

1. Nf3 d5 2. e3 Nf6 3. b3 g6 4. Bb2 Bg7 5. c4 c6 6. Be2 O-O 7. O-O b6 8. d3 Bb7 9. Nbd2 Nbd7 10. Qc2 e6 11. e4 c5 12. cxd5 exd5 13. e5 Ng4 14. d4 cxd4 15. e6 fxe6 16. Nxd4 Rc8 17. Qd3 Nge5 18. Qh3 Qe7 19. Nxe6 Rc2 20. Nxf8 Nxf8 21. Bxe5 Qxe5 22. Qd3 Rc3 23. Qb5 Rc5 24. Nf3 Qxa1 25. Qa4 Qb2 26. Qxa7 Qxe2 27. Qxb7 Qb5 28. Ng5 Qd7 29. Qxb6 Rc6 30. Qe3 h6 31. Nf3 Kh7 32. Ne5 Bxe5 33. Qxe5 Qe6 34. Qf4 Qf6 35. Qd2 d4 36. h3 Ne6 37. Re1 Nf4 38. Re4 g5 39. g3 Ng6 40. Qxd4 Qxd4 41. Rxd4 Ne5 42. Kg2 Rc2 43. a4 Rb2 44. b4 Ra2 45. b5 Kg6 46. b6 Rb2 47. a5 Kf5 48. Rd8 Nc6 49. Rd6 Nxa5 50. Rd5+ Kg6 51. Rxa5 Rxb6 52. Rd5 Rb3 53. Rd2 Kg7 54. Rd6 Kh7 55. Rf6 Kg7 56. Rf3 Rb2 57. Re3 Kg6 58. Kf3 Rb4 59. Re6+ Kg7 60. Rd6 Rb3+ 61. Kg4 Rb5 62. Kh5 Rb2 63. Rg6+ Kf7 64. Kxh6 Rxf2 65. Rxg5 Rh2 66. h4 Kf6 67. Kh5 Rh1 68. Kg4 Kf7 69. Rf5+ 1-0


[Site "https://www.chess.com"]

[Event "Titled Tuesday Blitz September 27 Late 2022"]
[White "Jobava, Baadur"]
[Black "Bryakin, Mikhail"]
[WhiteFideId "13601520"]
[BlackFideId "4165314"]
[WhiteElo "2582"]
[BlackElo "2357"]
[Result "1-0"]
[Round "07"]
[TimeControl "180+1"]
[Date "2022.09.27"]
[WhiteClock "0:02:05"]
[BlackClock "0:00:10"]

1. e4 d5 2. exd5 Qxd5 3. Nc3 Qe5+ 4. Qe2 Qxe2+ 5. Bxe2 c6 6. d4 Bf5 7. Kd2 Nd7 8. Bd3 Bxd3 9. Kxd3 e6 10. Nf3 O-O-O 11. Ke2 Bd6 12. Ne4 Bc7 13. Neg5 Nh6 14. Rd1 Rde8 15. Kf1 f6 16. Ne4 Nf7 17. c4 Nd6 18. Nxd6+ Bxd6 19. Be3 h5 20. d5 exd5 21. cxd5 c5 22. Nh4 Kc7 23. Nf5 g6 24. Ng7 Re4 25. Ne6+ Kb8 26. Rac1 b6 27. h3 f5 28. Ng5 Re7 29. Ne6 Rhe8 30. Bg5 Rh7 31. Re1 Rhh8 32. b3 Rhg8 33. Re2 Kc8 34. Rce1 Rh8 35. h4 Rhg8 36. g3 a6 37. Kg2 Rh8 38. Kf3 Rhg8 39. Bf4 Bxf4 40. Kxf4 Nf6 41. Ke5 Ne4 42. Rxe4 fxe4 43. Rxe4 Kd7 44. Rf4 Re7 45. Rf6 Rc8 46. d6 Rh7 47. Nf8+ Rxf8 48. Rxf8 b5 49. Kd5 c4 50. bxc4 bxc4 51. Ra8 Rh6 52. Ra7+ Kc8 53. Kc6 g5 54. Ra8# 1-0


[Site "https://www.chess.com"]

[Event "Titled Tuesday Blitz September 27 Late 2022"]
[White "Kollars, Dmitrij"]
[Black "Carlsen, Magnus"]
[WhiteFideId "12909572"]
[BlackFideId "1503014"]
[WhiteElo "2584"]
[BlackElo "2830"]
[Result "0-1"]
[Round "07"]
[TimeControl "180+1"]
[Date "2022.09.27"]
[WhiteClock "0:00:01"]
[BlackClock "0:02:04"]

1. e4 g6 2. d4 d6 3. Nf3 Nf6 4. Bd3 Bg7 5. O-O O-O 6. c3 Nc6 7. Nbd2 Re8 8. Nc4 e5 9. dxe5 dxe5 10. a4 a5 11. Qc2 Qe7 12. b3 Nh5 13. Ne3 Nf4 14. Re1 Nxd3 15. Nd5 Qd7 16. Qxd3 Ne7 17. Nxe7+ Qxe7 18. Ba3 Qe6 19. Nd2 Qc6 20. Nc4 Be6 21. Rad1 b5 22. axb5 Qxb5 23. Qc2 a4 24. Nd2 axb3 25. Qb2 Red8 26. Rc1 Bh6 27. Red1 Qe2 0-1


[Site "https://www.chess.com"]

[Event "Titled Tuesday Blitz September 27 Late 2022"]
[White "Kravtsiv, Martyn"]
[Black "Bortnyk, Olexandr"]
[WhiteFideId "14113147"]
[BlackFideId "14120828"]
[WhiteElo "2694"]
[BlackElo "2723"]
[Result "0-1"]
[Round "07"]
[TimeControl "180+1"]
[Date "2022.09.27"]
[WhiteClock "0:00:01"]
[BlackClock "0:00:04"]

1. e4 Nf6 2. Nc3 d5 3. exd5 Nxd5 4. Nf3 Nxc3 5. bxc3 g6 6. h4 h6 7. Bc4 Bg7 8. Qe2 Qd6 9. d4 O-O 10. h5 g5 11. Qe4 Qc6 12. Nd2 Qxe4+ 13. Nxe4 Bf5 14. Bd3 Nd7 15. Ba3 Rfe8 16. O-O-O c6 17. Rde1 Bxe4 18. Bxe4 e6 19. Kb1 Nf6 20. Bd3 Nd5 21. Bb2 a5 22. c4 Nb6 23. c5 Nd5 24. Re4 Red8 25. g3 a4 26. a3 b6 27. cxb6 Rab8 28. c4 Nf6 29. Re2 Rxb6 30. Ka2 Ne8 31. Rd1 Nc7 32. Bc2 Ra8 33. Ba1 Ne8 34. Ree1 Nf6 35. Rb1 Rxb1 36. Rxb1 Nxh5 37. Rb4 Rd8 38. c5 Nf6 39. Bxa4 Nd5 40. Rb7 Rc8 41. Bc2 h5 42. Be4 h4 43. gxh4 gxh4 44. Rb3 Bf6 45. a4 Ra8 46. Ka3 Kf8 47. Rf3 Ke7 48. Bb2 Bg5 49. Rh3 f5 50. Bxd5 exd5 51. Bc3 Ke6 52. a5 f4 53. Ka4 Kf5 54. f3 Bf6 55. Rh1 Ra7 56. Rb1 Kg5 57. Rh1 Kh5 58. Rh2 Ra6 59. Rh1 Bg5 60. Rh2 Ra8 61. Rh1 Rh8 62. Bd2 Kg6 63. Bc1 Kf5 64. Rh3 Bf6 65. Bd2 Bxd4 66. Bb4 Bf6 67. Rh1 Rg8 68. Bd2 Rb8 69. a6 Ra8 70. Ka5 Bd8+ 71. Kb4 Rxa6 0-1


[Site "https://www.chess.com"]